 Dungeon Crawl Stone Soup version 0.20-b1-18-gaa2fd62 (webtiles) character file.

130 Gorglomux the Ducker (level 5, -4/32 HPs)
             Began as a Kobold Gladiator on May 24, 2017.
             Killed from afar by an orc wizard (10 damage)
             ... with a puff of flame
             ... on level 4 of the Dungeon.
             The game lasted 00:03:12 (2228 turns).

Gorglomux the Ducker (Kobold Gladiator)             Turns: 2228, Time: 00:03:13

Health: -4/32      AC:  4    Str: 12    XL:     5   Next: 36%
Magic:  5/5        EV: 16    Int:  9    God:
Gold:   178        SH:  0    Dex: 17    Spells: 4/4 levels left

rFire    . . .     SeeInvis .   a - +0 quarterstaff
rCold    . . .     Gourm    .   (shield currently unavailable)
rNeg     . . .     Faith    +   b - +0 leather armour
rPois    .         Spirit   .   c - +0 helmet
rElec    .         Reflect  .   (no cloak)
rCorr    .         Harm     .   (no gloves)
MR       .....                  (no boots)
Stlth    +.........             n - amulet of faith {Faith, !P}
Regen    0.1/turn               (no ring)
MPRegen  0.1/turn               (no ring)

@: no status effects
A: carnivore 3
a: no special abilities


You were on level 4 of the Dungeon.
You were very full.

You visited 1 branch of the dungeon, and saw 4 of its levels.

You collected 178 gold pieces.

Inventory:

Hand Weapons
 a - a +0 quarterstaff (weapon)
Missiles
 d - 3 throwing nets {=f, !d}
Armour
 b - a +0 leather armour (worn)
 c - a +0 helmet (worn)
 o - a +1 helmet
   (You found it on level 1 of the Dungeon)
Jewellery
 n - an amulet of faith (around neck) {Faith, !P}
   (You found it on level 1 of the Dungeon)
 v - a cursed ring of loudness {unknown}
   (You found it on level 2 of the Dungeon)
Scrolls
 e - 7 scrolls of blinking {unknown}
 m - 2 scrolls of magic mapping {unknown}
 p - 3 scrolls of teleportation {unknown}
 s - a scroll of immolation {unknown}
 t - a scroll of identify {unknown}
 w - a scroll of enchant weapon {unknown}
Potions
 g - a potion of heal wounds
 i - 3 potions of curing
 j - a potion of might {unknown}
 k - a potion of brilliance {unknown}
 l - a potion of degeneration {unknown}
 q - 2 potions of lignification {unknown}
 u - a potion of berserk rage {unknown}
Comestibles
 f - 3 meat rations {@e2}
 h - 2 royal jellies


   Skills:
 + Level 3.5 Fighting
 * Level 4.0 Staves
 - Level 2.1 Throwing
 + Level 4.4 Dodging


You had 4 spell levels left.
You didn't know any spells.

Dungeon Overview and Level Annotations

Branches:
Dungeon (4/15)
 Temple: D:4-7

Altars:
Gozag
Kikubaaqudgha
Nemelex Xobeh
Qazlal
Trog
Vehumet
Zin


Innate Abilities, Weirdness & Mutations

You are small and have problems with some larger weapons.
You are carnivorous and can eat meat at any time.


Message History

An orc comes into view. It is wielding a trident.
The orc shouts!
The orc wizard gestures at you while chanting.
You resist with some effort.
An orc wizard comes into view.
It is wielding a dagger of electrocution.
The orc wizard shouts!
Unknown command.
You feel less confused.
The orc hits you from afar with a trident.
The orc wizard gestures at you while chanting.
The puff of flame hits you!
The orc hits you from afar with a trident.
The orc wizard points at you and mumbles some strange words.
The puff of flame misses you.
The orc wizard casts a spell.
The orc wizard flickers and vanishes!
Deactivating autopickup; reactivate with Ctrl-A.
The orc wizard casts a spell at you. The puff of flame misses you.
The orc wizard points at you and mumbles some strange words.
You resist with some effort.
The orc wizard points at you and mumbles some strange words.
You resist with some effort.
You see here a quokka corpse.
You butcher the quokka corpse.
You see here 2 chunks of flesh {@w0}.
There is a stone staircase leading up here.
You climb upwards.
There is a stone staircase leading down here.
You start resting.
All of the chunks of flesh in your inventory have rotted away.
You climb downwards.
The orc misses you. x2
There is a stone staircase leading up here.
The orc wizard mumbles some strange words.
The orc wizard flickers and vanishes!
The orc barely misses you.
You climb upwards.
There is a stone staircase leading down here.
You sock the orc!
You kill the orc!
No target in view!
No target in view!
No target in view!
No target in view!
You climb downwards.
The orc wizard casts a spell at you. You resist with some effort.
There is a stone staircase leading up here.
You see here 2 chunks of flesh {@w0}.
You sock the orc wizard! Something hits you but does no damage.
The orc wizard hits you but does no damage.
Something hits you.
You hit the orc wizard but do no damage.
The orc wizard hits you but does no damage.
Something hits you.
You are electrocuted!
You barely miss the orc wizard. The orc wizard closely misses you.
Something hits you but does no damage.
You closely miss the orc wizard. The orc wizard misses you. Something hits you.
You are too injured to fight recklessly!
You are too injured to fight recklessly!
Unknown command.
You sock the orc wizard!
The orc wizard points at you and mumbles some strange words.
You resist with some effort.
You hear some strange, mumbled words.
A magic dart appears from out of thin air!
The magic dart hits you!
* * * LOW HITPOINT WARNING * * *
Unknown command.
You closely miss the orc wizard. The orc wizard closely misses you.
Something hits you but does no damage.
You hit the orc wizard.
You kill the orc wizard!
Your Staves skill increases to level 4!
Something barely misses you.
It was a potion of curing.
You feel better. Something barely misses you.
You sock something!
You hear some strange, mumbled words.
Something tries to affect you, but you resist.
You hit something. Something hits you but does no damage.
You are electrocuted!
* * * LOW HITPOINT WARNING * * *
Unknown command.
It was a potion of heal wounds.
You feel much better. Something hits you but does no damage.
You are electrocuted!
Unknown command.
You miss something.
You hear some strange, mumbled words.
A magic dart appears from out of thin air!
The magic dart hits you!
You closely miss something.
You hear some strange, mumbled words.
A puff of flame appears from out of thin air!
The puff of flame hits you!
* * * LOW HITPOINT WARNING * * *
You hear some strange, mumbled words.
A puff of flame appears from out of thin air!
The puff of flame hits you!
You die...

...####.## ##.....##
..## #..# #.......#
...# ##.###.......#
...#####...#.......#
.......###..#.....##
...###.............#
........##.........#
..########.....{...#
.## #.....)@<## #
#.......## #.....###
#...[.# #.....#
#.....# #.....#
#.....# #######


There were no monsters in sight!

Vanquished Creatures
  An orc wizard (D:4)
  5 adders
  2 oozes
  A worm (D:2)
  2 leopard geckos (D:2)
  2 orcs
  6 giant cockroaches
  2 goblins (D:1)
  4 hobgoblins (D:3)
  3 quokkas
  7 bats
  5 frilled lizards
  2 kobolds
  8 rats
50 creatures vanquished.

Vanquished Creatures (others)
  4 toadstools (D:1)
4 creatures vanquished.

Grand Total: 54 creatures vanquished

Notes
Turn   | Place    | Note
-------+----------+-------------------------------------------
     0 | D:1      | Gorglomux the Kobold Gladiator began the quest for the Orb.
     0 | D:1      | Reached XP level 1. HP: 12/12 MP: 1/1
   132 | D:1      | Reached XP level 2. HP: 17/18 MP: 2/2
   447 | D:2      | Found a glowing silver altar of Zin.
   465 | D:2      | Reached skill level 3 in Staves
   534 | D:2      | Reached XP level 3. HP: 21/22 MP: 3/3
   701 | D:2      | Reached skill level 4 in Dodging
   856 | D:2      | Found a radiant altar of Vehumet.
   863 | D:2      | Found a sparkling altar of Nemelex Xobeh.
   864 | D:2      | Found an ancient bone altar of Kikubaaqudgha.
   865 | D:2      | Found a stormy altar of Qazlal.
  1052 | D:2      | Reached skill level 3 in Fighting
  1057 | D:2      | Reached XP level 4. HP: 23/28 MP: 4/4
  1096 | D:2      | Found an opulent altar of Gozag.
  1429 | D:3      | Found a bloodstained altar of Trog.
  2039 | D:4      | Reached XP level 5. HP: 32/32 MP: 5/5
  2220 | D:4      | HP: 8/32 [something/magic dart (11)]
  2222 | D:4      | Reached skill level 4 in Staves
  2225 | D:4      | HP: 7/32 [something (13)]
  2228 | D:4      | Killed from afar by an orc wizard

Skill      XL: |  1  2  3  4  5 |
---------------+----------------+-----
Staves         | 3 4 |  4.0
Dodging        | 4 |  4.4
Fighting       | 3 |  3.5
Throwing       | |  2.1

Action                   |  1- 3 |  4- 6 || total
-------------------------+-------+-------++-------
Melee: Quarterstaff      |    79 |    97 ||   176
  Use: Potion            |       |     2 ||     2
 Stab: Sleeping          |       |     1 ||     1
  Eat: Chunk             |     9 |     3 ||    12
Armor: Leather armour    |    10 |    28 ||    38
Dodge: Dodged            |    70 |   103 ||   173

Vault maps used:
D:1:      ldierk_walled_garden_2
D:2:      overflow_temple_1_default, minitemple, kennysheep_crisscross,
          grunt_gozag_statues
D:3:      bloody_trog, first_bread
D:4:      lemuel_coloured_pillars_altar, serial_shops, shop

Table legend:
 A = Turns spent in this place as a percentage of turns spent in the entire game.
 B = Non-inter-level travel turns spent in this place as a percentage of non-inter-level travel turns spent in the entire game.
 C = Inter-level travel turns spent in this place as a percentage of turns spent in this place.
 D = Turns resting spent in this place as a percentage of non-inter-level travel turns spent in this place.
 E = Turns spent auto-exploring this place as a percentage of non-inter-level travel turns spent in this place.
 F = Non-inter-level travel turns spent in this place divided by the number of levels of this place that you've seen.
                   A       B       C       D       E      F
               +-------+-------+-------+-------+-------+----------------------
         Total | 100.0 | 100.0 |   0.4 |   1.0 |  10.4 | 167.8
       Dungeon | 100.0 | 100.0 |   0.4 |   1.0 |  10.4 | 167.8
               +-------+-------+-------+-------+-------+----------------------

Table legend:
 A = Kills in this place as a percentage of kills in entire the game.
 B = Kills by you in this place as a percentage of kills by you in the entire game.
 C = Kills by friends in this place as a percentage of kills by friends in the entire game.
 D = Other kills in this place as a percentage of other kills in the entire game.
 E = Experience gained in this place as a percentage of experience gained in the entire game.
 F = Experience gained in this place divided by the number of levels of this place that you have seen.
                   A       B       C       D       E      F
               +-------+-------+-------+-------+-------+----------------------
         Total | 100.0 | 100.0 |  -nan |  -nan | 100.0 |  46.8
       Dungeon | 100.0 | 100.0 |  -nan |  -nan | 100.0 |  46.8
               +-------+-------+-------+-------+-------+----------------------
